cohdb
Replays
Latest Replays
All Replays
Popular Replays
Top Player Replays
Match Explorer
How It Works
Community
CoH3 Stats
Reddit
Sign in to upload your games and track your stats! →
Sign in with Steam
Match 45965265
Unlisted
Match 45965265
Overview
Messages
Build Orders
End
Construct Weapon Support Center
Scout Squad
M1919 Machine Gun Team
M1919 Machine Gun Team
Engineer Squad
Air Support Center
M3 Armored Personnel Carrier
Scout Squad
Engineer Squad
Selects Heavy Weapons
Selects Assault Carriers
M3 Assault Carrier
.30 cal Machine Gun
M3 Assault Carrier
Engineer Squad
Selects Exchangeable Parts
M1919 Machine Gun Team
.30 cal Machine Gun
Construct Medical Station
.30 cal Machine Gun
M3 Assault Carrier
Mael Radec
rotation
0
0
Comments
sign in to comment!
No comments posted yet!